 Dungeon Crawl Stone Soup version 0.22.0-6-g71bd7aa (webtiles) character file.

19959 mopl the Impaler (level 12, -7/97 (98) HPs)
             Began as a Merfolk Gladiator on Aug 14, 2018.
             Was the Champion of Okawaru.
             Mangled by a sun demon (16 damage)
             ... summoned by an orc high priest
             ... on level 2 of the Orcish Mines.
             The game lasted 00:20:30 (10240 turns).

mopl the Impaler (Merfolk Gladiator)               Turns: 10240, Time: 00:20:31

HP:   -7/97 (98)    AC: 15    Str: 19    XL:     12   Next: 74%
MP:   27/27         EV: 20    Int: 12    God:    Okawaru [******]
Gold: 543           SH:  0    Dex: 16    Spells: 5/11 levels left

rFire    . . .     SeeInvis .   a - +2 glaive of Turmoil {elec, rElec rN+ MP+9 Int+2}
rCold    . . .     Gourm    .   (shield currently unavailable)
rNeg     + . .     Faith    .   Y - +1 ring mail {MR+}
rPois    .         Spirit   .   X - +2 hat {Int+3}
rElec    +         Reflect  .   h - +0 cloak
rCorr    .         Harm     .   (no gloves)
MR       +....                  O - +0 pair of boots
Stlth    +.........             (no amulet)
HPRegen  0.26/turn              p - +1 ring of evasion
MPRegen  0.20/turn              v - +5 ring of protection {=R}

@: about to teleport
A: change form in water, swift swim, stealthy swim
a: Heroism, Finesse, Renounce Religion


You were on level 2 of the Orcish Mines.
You worshipped Okawaru.
Okawaru was exalted by your worship.
You were not hungry.

You visited 2 branches of the dungeon, and saw 11 of its levels.

You collected 1069 gold pieces.
You spent 526 gold pieces at shops.

Inventory:

Hand Weapons
 a - the +2 glaive of Turmoil (weapon) {elec, rElec rN+ MP+9 Int+2}
   (Okawaru gifted it to you on level 2 of the Orcish Mines)

   Occasionally, upon striking a foe, it will discharge some electrical energy
   and cause terrible harm.
   It affects your intelligence (+2).
   It insulates you from electricity.
   It protects you from negative energy.
   It affects your magic capacity (+9).
 t - a +0 blowgun
 D - the +5 glaive of the Little People {elec, +Blink Int+4}
   (Okawaru gifted it to you on level 2 of the Orcish Mines)

   Occasionally, upon striking a foe, it will discharge some electrical energy
   and cause terrible harm.
   It affects your intelligence (+4).
   It lets you blink.
 G - a +0 trident
Missiles
 d - a throwing net (quivered)
 k - 39 poisoned needles
 H - 7 javelins
 Q - 17 tomahawks
 W - 2 tomahawks of returning
Armour
 h - a +0 cloak (worn)
 K - a +2 ring mail of cold resistance
 N - a cursed +0 leather armour
 O - a +0 pair of boots (worn)
 X - a +2 hat of intelligence (worn)
 Y - a +1 ring mail of magic resistance (worn)
 Z - the +2 chain mail of Greed {Str+6, unknown}
   (Okawaru gifted it to you on level 2 of the Orcish Mines)

   It affects your strength (+6).
Jewellery
 p - a +1 ring of evasion (left hand)
 v - a +5 ring of protection (right hand) {=R}
Wands
 c - a wand of iceblast (12)
 x - a wand of enslavement (10)
 z - a wand of polymorph (20)
 E - a wand of flame (23)
 F - a wand of paralysis (30)
 L - a wand of acid (9)
 M - a wand of clouds (7)
Scrolls
 e - 2 scrolls of identify
 g - 5 scrolls of remove curse
 m - 4 scrolls of magic mapping
 o - a scroll of enchant weapon {unknown}
 s - 3 scrolls of teleportation
 w - a scroll of enchant armour {unknown}
 y - a scroll of fog {unknown}
 A - 3 scrolls of fear {unknown}
 B - 2 scrolls of random uselessness {unknown}
 I - a scroll of summoning {unknown}
 R - a scroll of blinking {unknown}
 S - a scroll of immolation {unknown}
 T - a scroll of brand weapon {unknown}
Potions
 b - 2 potions of might {unknown}
 i - a potion of lignification {!q}
 j - 3 potions of brilliance
 l - 4 potions of heal wounds {unknown}
 n - a potion of resistance {unknown}
 r - 3 potions of flight
 u - 7 potions of curing
 C - 2 potions of agility
 J - 4 potions of haste
 P - a potion of berserk rage {unknown}
 U - a potion of ambrosia {unknown}
 V - a potion of mutation {unknown}
Comestibles
 f - 13 rations
 q - 5 chunks of flesh


   Skills:
 + Level 10.4 Fighting
 * Level 18.2 Polearms
 - Level 2.0 Throwing
 - Level 12.0 Dodging
 + Level 5.5 Charms
 - Level 8.1 Invocations


You had 5 spell levels left.
You knew the following spells:

 Your Spells              Type           Power        Failure   Level  Hunger
b - Spectral Weapon       Hex/Chrm       #.......     50%         3    ####...
r - Regeneration          Chrm/Necr      #.........   50%         3    ####...

Your spell library contained the following spells:

 Spells                   Type           Power        Failure   Level  Hunger
 Cause Fear               Hex            #.........   99%         4    #####..
 Slow                     Hex            #.......     65%         2    ###....
 Confuse                  Hex            #.......     86%         3    ####...
 Tukima's Dance           Hex            #.......     86%         3    ####...
 Confusing Touch          Hex            #.....       50%         1    ##.....
 Ensorcelled Hibernation  Hex/Ice        #.....       65%         2    ###....
 Metabolic Englaciation   Hex/Ice        #.........   100%        5    ######.
 Corona                   Hex            #......      50%         1    ##.....
 Portal Projectile        Hex/Tloc       #.....       86%         3    ####...
 Petrify                  Tmut/Erth      #.......     99%         4    #####..
 Leda's Liquefaction      Hex/Erth       #.........   99%         4    #####..
 Shroud of Golubria       Chrm/Tloc      #.........   28%         2    ###....
 Inner Flame              Hex/Fire       #.......     86%         3    ####...
 Dazzling Spray           Conj/Hex       #.....       86%         3    ####...
 Infusion                 Chrm           ##..         6%          1    ##.....
 Song of Slaying          Chrm           ##......     9%          2    ###....
 Gell's Gravitas          Tloc           #.........   86%         3    ####...
 Yara's Violent Unravell  Hex/Tmut       #.........   100%        5    ######.


Dungeon Overview and Level Annotations

Branches:
Dungeon (9/15)             Temple (0/1) D:7            Lair (0/6) D:9
    Orc (2/2) D:9             Elf (0/3) Orc:2

Altars:
Ashenzari
Dithmenos
Elyvilon
Makhleb
Okawaru
Ru
Trog
Beogh

Shops:
D:7 !   D:8 [   Orc:2 =*

Annotations:
D:9 1 runed door, SeriousVitamin's ghost, journeyman HOFi


Message History

You hit the orc high priest.
The orc high priest is lightly wounded.
You hit the orc high priest.
The orc high priest is lightly wounded.
The orc high priest mumbles some strange prayers to Beogh.
You barely miss the orc high priest.
The orc high priest is lightly wounded.
The orc high priest barely misses you.
You closely miss the orc high priest.
The orc high priest is lightly wounded.
The sun demon hits you!
* * * LOW HITPOINT WARNING * * *
You are engulfed in flames!
* * * LOW HITPOINT WARNING * * *
Unknown command.
As you read the scroll of teleportation, it crumbles to dust.
You feel strangely unstable. The sun demon hits you.
* * * LOW HITPOINT WARNING * * *
You are engulfed in flames!
You die...

.#.#...##.##...#.[#.###...##
.'.##)###.###)#####.##o...# .
)#..........#.......##.oo##...
##....##'##.#....#####...#....
.#....#)..#.#....#..##..##....
.'....#...#......'..#.o.#.....
.####.#####.####.#..#.........
##....).)...#.)#.####........##
##.####.....#.)'@####)8...8...8
'.)#..#..⌠..#..#3oo.)).........
##.)..#.....####3####)8...8...8
##.#..#........).####........##
.#.####.#####)####..#.........#
.'......#.(.#....)..#...#.....
)######.#...#....#.(##..##....
##### #.##)##....#####...#....
#.###.....).......##...# ..


You could see a soul eater, an orc high priest, a sun demon and an orc.

Vanquished Creatures
  Gastronok (Orc:1)
  An orc warlord (Orc:2)
  A stone giant (Orc:2)
  5 orc knights
  5 orc sorcerers
  2 cyclopes (Orc:1)
  3 trolls (Orc:2)
  A hornet (D:8)
  A hippogriff (D:9)
  Sigmund (D:5)
  A yak (D:9)
  A hog (D:8)
  2 hungry ghosts
  12 wargs
  2 porcupines (D:9)
  3 ice beasts
  36 orc warriors
  A phantom (D:9)
  2 sky beasts
  12 ogres
  2 necrophages (D:9)
  2 centaurs (D:9)
  A crocodile (D:9)
  3 bullfrogs
  2 scorpions
  9 killer bees
  4 howler monkeys
  An electric eel (Orc:1)
  3 bullfrog zombies
  2 crimson imps
  5 hounds
  16 orc priests
  A centaur skeleton (D:4)
  2 jellies
  16 orc wizards
  Terence (D:2)
  5 iguanas
  3 worker ants
  2 hound skeletons
  A howler monkey zombie (D:7)
  3 gnolls (Orc:1)
  A worker ant zombie (D:7)
  A howler monkey skeleton (D:6)
  7 adders
  A shadow imp (D:4)
  2 adder zombies
  An adder skeleton (D:6)
  3 worms (D:3)
  2 dart slugs (D:1)
  3 leopard geckos
  85 orcs
  4 giant cockroaches
  4 goblins
  9 hobgoblins
  12 jackals
  4 kobolds
  3 quokkas
  A ball python (D:4)
  8 bats
  6 frilled lizards
  A jackal skeleton (D:4)
  2 leopard gecko skeletons
  A leopard gecko zombie (D:7)
  A quokka zombie (D:6)
  4 rats
343 creatures vanquished.

Vanquished Creatures (others)
  A gnoll (Orc:1)
  An orc (Orc:1)
  A fungus (D:9)
  2 plants (D:9)
  2 withered plants (D:9)
7 creatures vanquished.

Grand Total: 350 creatures vanquished

Notes
Turn   | Place    | Note
-------+----------+-------------------------------------------
     0 | D:1      | mopl the Merfolk Gladiator began the quest for the Orb.
     0 | D:1      | Reached XP level 1. HP: 16/16 MP: 1/1
    97 | D:1      | Reached skill level 5 in Polearms
   130 | D:1      | Reached XP level 2. HP: 19/22 MP: 2/2
   726 | D:2      | Reached skill level 6 in Polearms
   726 | D:2      | Reached XP level 3. HP: 20/27 MP: 3/3
   754 | D:2      | Noticed Terence
   763 | D:2      | Killed Terence
  1231 | D:2      | Reached skill level 7 in Polearms
  1231 | D:2      | Reached XP level 4. HP: 28/33 MP: 4/4
  1443 | D:3      | Found a shadowy altar of Dithmenos.
  1466 | D:3      | Found an iron altar of Okawaru.
  1494 | D:3      | Became a worshipper of Warmaster Okawaru
  1872 | D:4      | Reached skill level 1 in Invocations
  1872 | D:4      | Reached XP level 5. HP: 31/39 MP: 5/5
  1945 | D:4      | Reached skill level 8 in Polearms
  2032 | D:4      | Reached XP level 6. HP: 39/46 MP: 5/7
  2074 | D:4      | Reached skill level 3 in Fighting
  2181 | D:5      | Entered Level 5 of the Dungeon
  2557 | D:4      | Found a burning altar of Makhleb.
  2633 | D:4      | Reached skill level 2 in Invocations
  2687 | D:4      | Reached * piety under Okawaru
  2687 | D:4      | Reached skill level 5 in Dodging
  2760 | D:4      | Reached skill level 9 in Polearms
  2760 | D:4      | Reached XP level 7. HP: 52/52 MP: 5/8
  3101 | D:5      | Noticed Sigmund
  3130 | D:5      | Killed Sigmund
  3130 | D:5      | Reached ** piety under Okawaru
  3130 | D:5      | Reached skill level 4 in Fighting
  3130 | D:5      | Reached skill level 3 in Invocations
  3184 | D:5      | Reached skill level 10 in Polearms
  3184 | D:5      | Reached XP level 8. HP: 45/60 MP: 10/10
  3218 | D:5      | Reached skill level 6 in Dodging
  4225 | D:6      | Reached skill level 4 in Invocations
  4368 | D:6      | Reached skill level 11 in Polearms
  4554 | D:7      | Found a shattered altar of Ashenzari.
  4554 | D:7      | Found a sacrificial altar of Ru.
  4554 | D:7      | Found a white marble altar of Elyvilon.
  4554 | D:7      | Found a bloodstained altar of Trog.
  4560 | D:7      | Reached skill level 5 in Fighting
  4580 | D:7      | Reached *** piety under Okawaru
  4716 | D:7      | Found a staircase to the Ecumenical Temple.
  4760 | D:7      | Reached skill level 7 in Dodging
  4870 | D:7      | Reached XP level 9. HP: 61/68 MP: 12/12
  4974 | D:7      | Found Finis's Distillery.
  4994 | D:7      | Reached skill level 5 in Invocations
  5000 | D:7      | Bought a potion of curing for 42 gold pieces
  5000 | D:7      | Bought a potion of agility for 56 gold pieces
  5000 | D:7      | Bought a potion of flight for 42 gold pieces
  5000 | D:7      | Bought a potion of haste for 140 gold pieces
  5178 | D:8      | Noticed Psyche
  5179 | D:8      | Noticed Psyche
  5179 | D:8      | Psyche changed into Psyche the hog
  5190 | D:8      | Killed Psyche the hog
  5190 | D:8      | Reached skill level 12 in Polearms
  5319 | D:8      | Noticed a hornet
  5320 | D:8      | Found Ytud's Antique Armour Emporium.
  5331 | D:8      | Killed a hornet
  5331 | D:8      | Reached skill level 6 in Fighting
  5656 | D:8      | Reached **** piety under Okawaru
  5656 | D:8      | Reached skill level 8 in Dodging
  6139 | D:9      | Reached skill level 13 in Polearms
  6145 | D:9      | Reached skill level 6 in Invocations
  6163 | D:9      | Reached XP level 10. HP: 51/77 MP: 14/14
  6256 | D:9      | Reached skill level 7 in Fighting
  6256 | D:9      | Reached skill level 9 in Dodging
  6422 | D:9      | Reached ***** piety under Okawaru
  6432 | D:9      | Reached skill level 14 in Polearms
  6442 | D:9      | Found a staircase to the Orcish Mines.
  6627 | D:9      | Found a runed door.
  6631 | D:9      | Noticed SeriousVitamin's ghost (journeyman HOFi)
  6653 | D:9      | Learned a level 3 spell: Regeneration
  6657 | D:9      | Learned a level 3 spell: Spectral Weapon
  6740 | D:9      | Found a staircase to the Lair.
  6899 | Orc:1    | Entered Level 1 of the Orcish Mines
  6899 | Orc:1    | Noticed an orc knight
  6905 | Orc:1    | Noticed an orc sorcerer
  6916 | D:9      | Reached skill level 7 in Invocations
  6990 | D:9      | Paralysed by an orc sorcerer for 2 turns
  6993 | D:9      | Killed an orc sorcerer
  7024 | D:9      | Killed an orc knight
  7024 | D:9      | Received a gift from Okawaru
  7289 | Orc:1    | Noticed an orc sorcerer
  7293 | Orc:1    | Noticed a sixfirhy
  7301 | Orc:1    | Killed an orc sorcerer
  7301 | Orc:1    | Reached skill level 8 in Fighting
  7301 | Orc:1    | Reached skill level 15 in Polearms
  7301 | Orc:1    | Reached skill level 10 in Dodging
  7324 | Orc:1    | Noticed a cyclops
  7330 | Orc:1    | Killed a cyclops
  7330 | Orc:1    | Reached XP level 11. HP: 69/85 MP: 13/16
  7349 | Orc:1    | Noticed Gastronok
  7367 | Orc:1    | Killed Gastronok
  7367 | Orc:1    | Reached skill level 8 in Invocations
  7791 | Orc:1    | Noticed a cyclops
  7800 | Orc:1    | Killed a cyclops
  7986 | Orc:1    | Reached skill level 16 in Polearms
  8104 | Orc:1    | Reached skill level 1 in Charms
  8202 | Orc:2    | Entered Level 2 of the Orcish Mines
  8337 | Orc:2    | Reached skill level 9 in Fighting
  8425 | Orc:2    | Reached skill level 11 in Dodging
  8648 | Orc:2    | Received a gift from Okawaru
  8648 | Orc:2    | Reached skill level 2 in Charms
  8653 | Orc:2    | Got a twisted glaive {god gift}
  8654 | Orc:2    | Identified the +2 glaive of Turmoil {elec, rElec rN+ MP+9 Int+2} (Okawaru gifted it to you on level 2 of the Orcish Mines)
  8922 | Orc:2    | Found a staircase to the Elven Halls.
  8974 | Orc:2    | Noticed an orc sorcerer
  8974 | Orc:2    | Noticed an orc sorcerer
  8986 | Orc:2    | Killed an orc sorcerer
  8986 | Orc:2    | Reached skill level 3 in Charms
  8992 | Orc:2    | Killed an orc sorcerer
  8992 | Orc:2    | Reached XP level 12. HP: 95/95 MP: 18/18
  9177 | Orc:2    | Reached skill level 17 in Polearms
  9288 | Orc:2    | Found Seicsiv's General Store.
  9331 | Orc:2    | Bought a potion of degeneration for 17 gold pieces
  9331 | Orc:2    | Bought 2 scrolls of magic mapping for 119 gold pieces
  9338 | Orc:2    | Found Tulokell's Jewellery Boutique.
  9673 | Orc:2    | Bought a cursed amulet of inaccuracy for 34 gold pieces
  9673 | Orc:2    | Bought a cursed ring of teleportation for 76 gold pieces
  9690 | Orc:2    | Reached skill level 4 in Charms
  9707 | Orc:2    | Found a roughly hewn altar of Beogh.
  9710 | Orc:2    | Reached ****** piety under Okawaru
  9710 | Orc:2    | Received a gift from Okawaru
  9720 | Orc:2    | Got a dazzling glaive {god gift}
  9721 | Orc:2    | Identified the +5 glaive of the Little People {elec, +Blink Int+4} (Okawaru gifted it to you on level 2 of the Orcish Mines)
  9742 | Orc:2    | Noticed a stone giant
  9755 | Orc:2    | Killed a stone giant
  9939 | Orc:2    | Reached skill level 10 in Fighting
  9945 | Orc:2    | Reached skill level 12 in Dodging
 10120 | Orc:2    | Noticed an orc warlord
 10148 | Orc:2    | Killed an orc warlord
 10148 | Orc:2    | Received a gift from Okawaru
 10148 | Orc:2    | Reached skill level 18 in Polearms
 10148 | Orc:2    | Reached skill level 5 in Charms
 10152 | Orc:2    | Got a translucent chain mail {god gift}
 10198 | Orc:2    | Noticed an orc high priest
 10238 | Orc:2    | Noticed a sun demon
 10238 | Orc:2    | Noticed a soul eater
 10240 | Orc:2    | Mangled by a sun demon

Skill      XL: |  1  2  3  4  5  6  7  8  9 10 11 12 |
---------------+-------------------------------------+-----
Polearms       | 5 6 7 8 9 10 11 13 15 16 18 | 18.2
Invocations    | 1 2 3 4 6 7 8 |  8.1
Fighting       | 3 4 5 6 8 9 10 | 10.4
Dodging        | 5 7 8 10 11 12 | 12.0
Charms         | 3 5 |  5.5
Throwing       | |  2.0

Action                   |  1- 3 |  4- 6 |  7- 9 | 10-12 || total
-------------------------+-------+-------+-------+-------++-------
Melee: Trident           |    83 |   200 |   185 |       ||   468
       Glaive            |       |       |   154 |   669 ||   823
       Tailslap          |       |       |       |     6 ||     6
Throw: Throwing net      |       |       |       |     3 ||     3
Invok: Heroism           |       |     1 |     3 |    12 ||    16
       Finesse           |       |       |       |     1 ||     1
Evoke: Wand              |       |       |     4 |       ||     4
  Use: Scroll            |       |       |     4 |     1 ||     5
 Stab: Sleeping          |       |       |     4 |       ||     4
       Paralysed         |       |       |     1 |       ||     1
       Held in net/web   |       |       |       |     3 ||     3
  Eat: Chunk             |     1 |     5 |    11 |    17 ||    34
Armor: Leather armour    |    19 |    51 |    35 |       ||   105
       Ring mail         |       |       |    51 |   130 ||   181
Dodge: Dodged            |    35 |    95 |   237 |   497 ||   864
